 Dungeon Crawl Stone Soup version 0.29-a0-1-gf2d273c862 (console) character file.

Game seed: 10219125093244678931

1325 Colgate the Carver (level 8, 0/60 HPs)
             Began as a Formicid Abyssal Knight on Jan 25, 2022.
             Was a Priest of Lugonu.
             Killed from afar by Ijyb (10 damage)
             ... with a puff of flame
             ... on level 4 of the Dungeon.
             The game lasted 00:42:48 (6794 turns).

Colgate the Carver (Formicid Abyssal Knight)        Turns: 6794, Time: 00:42:49

Health: 0/60       AC:  5    Str: 15    XL:     8   Next: 91%
Magic:  9/12       EV: 10    Int: 11    God:    Lugonu [***...]
Gold:   2          SH:  0    Dex: 13    Spells: 7/7 levels left

rFire   . . .      SeeInvis +   v - +7 scimitar {venom, Fly rElec Str-2}
rCold   . . .      Faith    .   (no shield)
rNeg    . . .      Spirit   .   q - +0 ring mail
rPois   .          Reflect  .   (helmet unavailable)
rElec   +          Harm     .   (no cloak)
rCorr   .          Rampage  .   (no gloves)
Will    .....                   (no boots)
Stlth   +.........              (no amulet)
HPRegen 0.20/turn               (no ring)
MPRegen 0.13/turn               (no ring)

@: flying
A: permanent stasis, dig shafts and tunnels, antennae 3, four strong arms
a: Dig, Shaft Self, Renounce Religion, Depart the Abyss, Bend Space, Banish


You were on level 4 of the Dungeon.
You worshipped Lugonu.
Lugonu was most pleased with you.
You visited 1 branch of the dungeon, and saw 5 of its levels.
You visited the Abyss 1 time.

You collected 239 gold pieces.
You spent 237 gold pieces at shops.

Inventory:

Hand Weapons
 v - the +7 scimitar of Pride (weapon) {venom, Fly rElec Str-2}
   (You bought it in a shop on level 2 of the Dungeon)

   It poisons the flesh of those it strikes.
   Str:       It affects your strength (-2).
   rElec:     It insulates you from electricity.
   Fly:       It grants you flight.
Missiles
 g - 4 poisoned darts
 i - 97 stones
 l - 3 curare-tipped darts (quivered)
Armour
 b - a +0 leather armour
 f - a +0 scale mail
 p - a +0 chain mail
 q - a +0 ring mail (worn)
Scrolls
 a - a scroll of blinking {unknown}
 c - a scroll of torment {unknown}
 d - a scroll of amnesia
 j - a scroll of enchant weapon {unknown}
 k - a scroll of magic mapping
 m - a scroll of enchant armour {unknown}
 o - a scroll of teleportation {unknown}
 s - a scroll of vulnerability {unknown}
Potions
 e - 2 potions of curing
 h - a potion of mutation
 n - 2 potions of brilliance
 r - a potion of cancellation
 t - a potion of berserk rage {unknown}


   Skills:
 - Level 4.0 Fighting
 - Level 8.0 Long Blades
 - Level 4.0 Throwing
 - Level 2.1 Armour
 - Level 1.0 Dodging
 + Level 5.7 Invocations


You had 7 spell levels left.
You didn't know any spells.
Your spell library contained the following spells:

 Spells                   Type           Power      Damage    Failure   Level
 Inner Flame              Hex/Fire       0%         N/A       90%         3
 Cause Fear               Hex            0%         N/A       100%        4
 Discord                  Hex            0%         N/A       100%        8


Dungeon Overview and Level Annotations

Branches:
Dungeon (5/15)             Temple (0/1) D:4

Altars:
Qazlal
Uskayaw
Zin

Shops:
D:2 *(   D:5 (

Annotations:
D:3 2 runed translucent doors, Colgate's ghost, amateur FoHu
D:4 Ijyb


Innate Abilities, Weirdness & Mutations

You cannot be hasted, slowed, berserked, paralysed or teleported.
You can dig through walls and to a lower floor.
You have a pair of large antennae on your head. (SInv)
Your four strong arms can wield two-handed weapons with a shield.


Message History

Ijyb screams, "I no like you!" Space bends around you!
You blink.
Ijyb zaps a wand.
The puff of flame hits you!
* * * LOW HITPOINT WARNING * * *
You hit Prince Ribbit but do no damage.
Prince Ribbit looks as sick as possible!
Prince Ribbit is almost dead.
Prince Ribbit is no longer moving slowly.
Prince Ribbit barely misses you.
You closely miss Prince Ribbit.
Prince Ribbit is almost dead.
You kill Prince Ribbit!
Lugonu accepts your kill.
Your Invocations skill increases to level 5!
Press: ? - help, Shift-Dir - straight line, f/p - Ijyb
Aim: Ijyb, wielding a +0 club, wearing a +0 ring mail and carrying a wand of flame (21) (chance to affect: 88%)
Okay, then.
Unknown command.
Press: ? - help, Shift-Dir - straight line, f/p - Ijyb
Aim: Ijyb, wielding a +0 club, wearing a +0 ring mail and carrying a wand of flame (21) (chance to affect: 88%)
Okay, then.
Unknown command.
Unknown command.
Press: ? - help, v - describe, . - travel
Here: Ijyb, wielding a +0 club, wearing a +0 ring mail and carrying a wand of flame (21)
The floor.
Unknown command.
Unknown command.
Throw: 3 darts (curare)
Press: ? - help, Q - select action, (/) - cycle Shift-Dir - straight line, f/p - Ijyb
Aim: Ijyb, wielding a +0 club, wearing a +0 ring mail and carrying a wand of flame (21) (58% to hit)
Okay, then.
Unknown command.
Throw: throwing net
Press: ? - help, Shift-Dir - straight line, f/p - Ijyb
Aim: Ijyb, wielding a +0 club, wearing a +0 ring mail and carrying a wand of flame (21) (58% to hit)
You throw a throwing net. The throwing net hits Ijyb.
Ijyb is caught in the net!
Ijyb struggles against the net.
You are too injured to fight recklessly!
You hit Ijyb but do no damage.
Ijyb is poisoned.
Ijyb zaps a wand.
The puff of flame hits you!
You die...

######### #.......#
#.#####.# #.#####.#
#####.##....#
#........####
#.###.####### #.#
#.@g.)..#
###########.#########.#
...................>#.#
###########.#######g#g#
# #.# #.#.## # #.#
#....# # #.#########.##
# #..........## #
#########.## # #.# #
#.#


You could see Ijyb (caught, poisoned).

Vanquished Creatures
  Prince Ribbit (D:4)
  2 ice beasts
  4 ogres
  A scorpion (D:4)
  A jelly (D:5)
  A hound (D:5)
  5 orc priests
  3 orc wizards
  A scorpion zombie (D:5)
  Natasha (thrice) (D:2)
  5 adders
  A gnoll (D:5)
  A white imp (D:5)
  An adder skeleton (D:4)
  3 worms
  2 dart slugs
  16 orcs
  4 bats
  6 endoplasms
  A giant cockroach (D:4)
  5 goblins
  7 hobgoblins
  6 jackals
  6 quokkas
  11 ball pythons
  3 frilled lizards
  A jackal skeleton (D:4)
  4 kobolds
  5 rats
110 creatures vanquished.

Notes
Turn   | Place    | Note
-------+----------+-------------------------------------------
     0 | Abyss:1  | Colgate the Formicid Abyssal Knight began the quest for the
                  | Orb.
     0 | Abyss:1  | Reached XP level 1. HP: 18/18 MP: 2/2
    12 | D:1      | Escaped the Abyss
   273 | D:1      | Reached XP level 2. HP: 17/25 MP: 3/3
   450 | D:1      | Found a faded altar of an unknown god.
   520 | D:1      | You fall into a shaft and drop 1 floor!
   603 | D:2      | Reached XP level 3. HP: 5/30 MP: 4/4
   866 | D:2      | Found Along's General Store.
   866 | D:2      | Found a hide-covered altar of Uskayaw.
   874 | D:2      | Bought a potion of curing for 30 gold pieces
   955 | D:1      | Reached skill level 3 in Long Blades
  1070 | D:1      | Reached ** piety under Lugonu
  1570 | D:2      | Reached XP level 4. HP: 37/37 MP: 5/5
  1962 | D:2      | Noticed Natasha
  1975 | D:2      | Killed Natasha
  1976 | D:2      | Reached skill level 4 in Long Blades
  2010 | D:2      | Found Daadd's Antique Weapon Shop.
  2041 | D:2      | Noticed Natasha
  2052 | D:2      | Killed Natasha
  2053 | D:2      | Reached skill level 1 in Throwing
  2053 | D:2      | Reached XP level 5. HP: 39/42 MP: 6/6
  2218 | D:2      | Noticed Natasha
  2230 | D:2      | Killed Natasha
  2646 | D:3      | Found a runed translucent door.
  2830 | D:3      | Reached XP level 6. HP: 28/48 MP: 7/7
  3121 | D:3      | Noticed Colgate's ghost (amateur FoHu)
  3257 | D:3      | Reached skill level 1 in Dodging
  3594 | D:3      | Found a glowing silver altar of Zin.
  3868 | D:3      | Found a runed translucent door.
  4183 | D:4      | Noticed an ice beast
  4192 | D:4      | Killed an ice beast
  4193 | D:4      | Reached skill level 5 in Long Blades
  4193 | D:4      | Reached XP level 7. HP: 54/54 MP: 8/8
  4233 | D:4      | Reached skill level 6 in Long Blades
  4631 | D:4      | Found a stormy altar of Qazlal.
  4789 | D:4      | Reached skill level 7 in Long Blades
  4789 | D:4      | Reached XP level 8. HP: 60/60 MP: 9/9
  4814 | D:4      | Found a staircase to the Ecumenical Temple.
  4864 | D:5      | Entered Level 5 of the Dungeon
  4899 | D:5      | Reached *** piety under Lugonu
  5465 | D:5      | Reached skill level 8 in Long Blades
  5797 | D:2      | Bought a dazzling scimitar for 207 gold pieces
  5797 | D:2      | Identified the +7 scimitar of Pride {venom, Fly rElec
                  | Str-2} (You bought it in a shop on level 2 of the Dungeon)
  5913 | D:3      | Found a runed translucent door.
  5954 | D:3      | Found a glowing silver altar of Zin.
  6320 | D:3      | Found a runed translucent door.
  6617 | D:5      | Found Pump's Antique Weapon Boutique.
  6766 | D:5      | Noticed Prince Ribbit
  6766 | D:5      | Noticed Ijyb
  6792 | D:4      | Killed Prince Ribbit
  6793 | D:4      | Reached skill level 5 in Invocations
  6794 | D:4      | Killed from afar by Ijyb

Illustrated notes

Levels and vault maps discovered:
D:1:      scummos_arrival_checkerplants, layout_basic,
          hellmonk_ecumenical_altar_zigzags, st_stairs_3,
          chequers_serial_rivers_small_b, chequers_decorated_corner,
          nicolae_concentric_dashed_squares_mild
D:2:      layout_loops_ring, basic_altar, serial_shops, shop, shop, uniq_natasha
D:3:      layout_rooms, lemuel_tele_altar, serial_corexii_hall,
          chequers_hall_statues_corner_a, corexii_hall_statues_i,
          ebering_ghost_sewer_f, minivault_27, serial_park_tiny_1,
          kennysheep_generic_room_14
D:4:      layout_basic, nicolae_qazlal_general_emergency,
          minmay_temple_entry_stoned_glass
D:5:      layout_gridville, serial_shops, shop, hangedman_decor_opposing,
          minmay_misc_feat_more_columns, uniq_prince_ribbit1, uniq_ijyb

Skill      XL: |  1  2  3  4  5  6  7  8 |
---------------+-------------------------+-----
Fighting       | 4 |  4.0
Long Blades    | 3 4 5 7 8 |  8.0
Throwing       | 1 3 4 |  4.0
Dodging        | 1 |  1.0
Invocations    | 5 |  5.7
Armour         | |  2.1

Action                   |  1- 3 |  4- 6 |  7- 9 || total
-------------------------+-------+-------+-------++-------
Melee: Falchion          |    85 |   164 |    83 ||   332
       Punch             |     2 |     4 |     3 ||     9
       Scimitar          |       |       |    13 ||    13
Throw: Dart              |    22 |    41 |    39 ||   102
       Stone             |       |    17 |    18 ||    35
       Boomerang         |       |     5 |     7 ||    12
       Throwing net      |       |       |     1 ||     1
Invok: Bend Space        |       |       |     3 ||     3
  Use: Scroll            |     2 |     1 |     2 ||     5
Armor: Leather armour    |    19 |       |       ||    19
       Scale mail        |     8 |    28 |       ||    36
       Ring mail         |       |    25 |    24 ||    49
Dodge: Dodged            |    31 |    93 |    57 ||   181

Table legend: (Time is in decaauts)
 A = Elapsed time spent in this place.
 B = Non-inter-level travel time spent in this place.
 C = Inter-level travel time spent in this place.
 D = Time resting spent in this place.
 E = Time spent auto-exploring this place.
 F = Levels seen in this place.
 G = Mean time per level.
                   A        B        C        D        E       F      G
               +--------+--------+--------+--------+--------+-----+--------+
         Total |   6812 |   6533 |    279 |    100 |   5042 |   6 | 1135.3 |
       Dungeon |   6800 |   6521 |    279 |    100 |   5039 |   5 | 1360.0 |
         Abyss |     12 |     12 |      0 |      0 |      3 |   1 |   12.0 |
               +--------+--------+--------+--------+--------+-----+--------+

Top non-repeatable levels by time:
     D:3: 1903 daAuts
     D:2: 1627 daAuts
     D:4: 1285 daAuts
     D:1: 1018 daAuts
     D:5: 964 daAuts
 Abyss:1: 12 daAuts
